 Dungeon Crawl Stone Soup version 0.31-a0-204-g7da18cac08 (webtiles) character file.

Game seed: 15599219299983435734

44 qw the Shooter (level 3, 0/20 HPs)
             Began as a Deep Elf Hunter on June 27, 2023.
             Frozen to death by an endoplasm (3 damage)
             ... on level 2 of the Dungeon.
             The game lasted 00:00:18 (810 turns).

qw the Shooter (Deep Elf Hunter)                     Turns: 810, Time: 00:00:19

Health: 0/20       AC:  5    Str: 10    XL:     3   Next: 39%
Magic:  5/5        EV: 11    Int: 13    God:
Gold:   83         SH:  0    Dex: 18    Spells: 2/2 levels left

rFire   . . .        Y - +0 shortbow
rCold   . . .        (shield currently unavailable)
rNeg    . . .        k - +0 ring mail
rPois   .            (no helmet)
rElec   .            (no cloak)
rCorr   .            (no gloves)
SInv    .            (no boots)
Will    .....        (no amulet)
Stlth   +            (no ring)
HPRegen 0.23/turn    (no ring)
MPRegen 0.09/turn

%: no passive effects
@: no status effects
A: no striking features
a: no special abilities


You were on level 2 of the Dungeon.
You visited 1 branch of the dungeon, and saw 2 of its levels.

You collected 83 gold pieces.


   Skills:
 - Level 1.5 Fighting
 + Level 7.0 Ranged Weapons
 - Level 2.4 Dodging
 - Level 1.2 Stealth


You had 2 spell levels left.
You didn't know any spells.
Your spell library was empty.

Inventory:

Hand Weapons
 Y - a +0 shortbow (weapon)
Armour
 k - a +0 ring mail (worn)
Scrolls
 a - a scroll of identify {unknown}
Potions
 b - a potion of curing {unknown}
 f - a potion of haste
 h - 3 potions of berserk rage {unknown}
 j - a potion of resistance {unknown}

Dungeon Overview and Level Annotations

Branches:
Dungeon (2/15)

Altars:


Message History

The adder bites you. x2
You are poisoned.
The adder poisons you!
You shoot an arrow. The arrow barely misses the adder.
You feel sick. The adder closely misses you.
You shoot an arrow. The arrow hits the adder.
The adder is moderately wounded.
You feel sick. The endoplasm misses you. The adder closely misses you.
Found 11 gold pieces.
You shoot an arrow. The arrow closely misses the adder.
You feel sick.
The ball python bites you but does no damage.
The ball python grabs you. The ball python constricts you.
The endoplasm freezes you.
You are frozen.
The adder misses you. The ball python barely misses you.
The ball python constricts you.
You shoot an arrow. The arrow hits the ball python.
You kill the ball python!
You feel sick.
You are no longer poisoned.
The adder barely misses you. The endoplasm freezes you.
You are frozen.
The adder misses you.
The endoplasm hits you but does no damage.
Your Ranged Weapons skill increases to level 7!
You shoot an arrow.
The arrow hits the adder but does no damage.
The adder is moderately wounded.
The adder barely misses you. The endoplasm misses you. The adder bites you.
You shoot an arrow. The arrow closely misses the adder.
The endoplasm hits you but does no damage.
The adder bites you.
You shoot an arrow. The arrow misses the adder.
The adder completely misses you. The endoplasm closely misses you.
The adder bites you but does no damage.
You shoot an arrow. The arrow hits the adder!
You kill the adder!
The endoplasm hits you but does no damage.
The endoplasm freezes you.
You are frozen.
You die...

.# #.####
#.##### #.#
#.....#
###########.#
........###.#
#.....%.....#
#.#####.##..#
#.##..#
###.##..#
#@......#
#J%####.#
..... #.#
~¤..¤¤¤##.
.~~[.~~¤#
+..¤¤.¤¤¤+
+....$...+
#.~~¤.~~(#


You could see an endoplasm.

Vanquished Creatures
  3 adders (D:2)
  3 endoplasms (D:1)
  2 giant cockroaches (D:1)
  2 goblins
  3 hobgoblins
  3 kobolds
  4 ball pythons
  2 bats
  2 rats (D:1)
24 creatures vanquished.

Notes
Turn   | Place    | Note
-------+----------+-------------------------------------------
     0 | D:1      | qw the Deep Elf Hunter began the quest for the Orb.
     0 | D:1      | Reached XP level 1. HP: 12/12 MP: 3/3
     0 | D:1      | 0 ||| qw: Version: 0.3-a-22-g0ed2b0b
     0 | D:1      | 0 ||| qw: Game counter: 6381
     0 | D:1      | 0 ||| qw: Melee chars always use a shield: true
     0 | D:1      | 0 ||| qw: God list: Okawaru
     0 | D:1      | 0 ||| qw: Allow faded altars: false
     0 | D:1      | 0 ||| qw: Do Orc after clearing Dungeon:15 true
     0 | D:1      | 0 ||| qw: Do second Lair branch before Depths: true
     0 | D:1      | 0 ||| qw: Lair rune preference: random
     0 | D:1      | 0 ||| qw: Goals: Normal
     0 | D:1      | 0 ||| PLANNING D:1-11
   301 | D:1      | Reached XP level 2. HP: 16/16 MP: 4/4
   333 | D:1      | Reached skill level 6 in Ranged Weapons
   638 | D:1      | 638 ||| UPGRADING to +0 ring mail.
   648 | D:1      | 648 ||| DROPPING +0 leather armour.
   649 | D:1      | 649 ||| DROPPING +6 ring of intelligence.
   650 | D:1      | 650 ||| READING scroll labelled TET SOOXZA.
   654 | D:1      | 654 ||| READING scroll labelled GAUPNU GUQE.
   655 | D:1      | 655 ||| READING scroll labelled CYRYIG XOTUF.
   656 | D:1      | 656 ||| DRINKING 2 green potions.
   657 | D:1      | 657 ||| DROPPING scroll of butterflies.
   744 | D:2      | Reached XP level 3. HP: 20/20 MP: 5/5
   806 | D:2      | HP: 4/20 [frozen (5)]
   807 | D:2      | Reached skill level 7 in Ranged Weapons
   810 | D:2      | Frozen to death by an endoplasm

Levels and vault maps discovered:
D:1:      matt_arrival_refuge, layout_loops_ring
D:2:      layout_loops_ring, basic_altar, kennysheep_generic_room_5

Skill      XL: |  1  2  3 |
---------------+----------+-----
Ranged Weapons | 6 7 |  7.0
Fighting       | |  1.5
Dodging        | |  2.4
Stealth        | |  1.2

Action                     || total
---------------------------++-------
   Fire: Shortbow          ||    77
    Use: Scroll            ||     3
         Potion            ||     1
 Armour: Leather armour    ||     4
         Ring mail         ||    13
  Dodge: Dodged            ||    28

Table legend:
 A = Non-vault XP
 B = Vault XP
 C = Vault XP percentage of total XP
 D = Non-vault monster count
 E = Vault monster count
 F = Vault count percentage of total count
                 A         B        C        D         E       F
            +---------+---------+-------+---------+---------+-------
      Total |      74 |       2 |   2.6 |      23 |       1 |   4.2
            +---------+---------+-------+---------+---------+-------
        D:1 |      27 |       0 |   0.0 |      16 |       0 |   0.0
        D:2 |      47 |       2 |   4.1 |       7 |       1 |  12.5
            +---------+---------+-------+---------+---------+-------
